Map: Shrines of Lizul

Players

Shaka - Winner!

  • Race: Terran Terran
  • Spawn Location: 9:00

Amix - Winner!

  • Race: Terran Terran
  • League: Platinum
  • Spawn Location: 6:00

A.I. 2 (Very Hard)

  • Race: Protoss Protoss
  • Spawn Location: 12:00

A.I. 3 (Elite)

  • Race: Zerg Zerg
  • Spawn Location: 3:00

VOD

Have the link to the VOD?

Description

Time

  • Played on: Nov. 29, 2016, 8:49 a.m.
  • Length: 22:06
Show
View Real Time Build Order
Export as new Build Order

Shaka Terran - Winner!

Build Orders:  

Get SALT Encoding   

  12  0:02  SCV  
  13  0:14  SCV  
  14  0:27  Supply Depot  
  14  0:29  SCV  
  15  0:42  Refinery  
  15  0:44  Refinery  
  15  0:58  Barracks, SCV  
  16  1:10  SCV  
  17  1:22  SCV  
  18  1:34  SCV  
  19  1:51  Command Center  
  19  1:53  Supply Depot  
  19  2:05  SCV  
  19  2:07  Barracks Reactor  
  20  2:16  Supply Depot  
  20  2:19  SCV  
  21  2:31  SCV  
  22  2:40  Bunker  
  22  2:43  SCV  
  23  2:52  Factory  
  23  2:55  SCV  
  24  3:00  Marine x2  
  26  3:08  SCV  
  26  3:11  Bunker  
  27  3:16  SCV  
  27  3:18  Marine x2  
  30  3:24  SCV  
  31  3:28  SCV  
  32  3:37  SCV  
  32  3:40  SCV, Factory Tech Lab  
  34  3:49  SCV  
  34  3:52  SCV  
  34  3:53  Marine x2  
  38  4:01  Bunker  
  38  4:04  SCV  
  38  4:09  Starport  
  39  4:11  Marine x2  
  39  4:13  SCV  
  39  4:16  SCV  
  43  4:19  Siege Tank  
  46  4:29  SCV  
  47  4:32  Refinery  
  47  4:33  Refinery  
  47  4:41  SCV  
  47  4:44  Command Center  
  48  4:51  Supply Depot, Orbital Command  
  48  4:52  Siege Tank  
  51  4:53  SCV  
  52  5:01  Marine x2  
  54  5:13  SCV  
  55  5:15  Supply Depot  
  55  5:18  Marine  
  55  5:19  Marine  
  55  5:21  Starport Tech Lab  
  57  5:25  SCV  
  58  5:38  Supply Depot  
  58  5:42  Siege Tank  
  61  5:49  Starport  
  61  5:56  SCV  
  62  6:02  SCV  
  62  6:03  Refinery  
  63  6:08  SCV  
  64  6:11  Armory  
  64  6:14  SCV  
  65  6:23  Siege Tank  
  68  6:26  SCV  
  68  6:28  Refinery  
  69  6:38  SCV  
  69  6:39  Starport, Starport Tech Lab  
  70  6:44  Orbital Command  
  70  6:50  SCV  
  71  7:02  Armory  
  71  7:13  Orbital Command  
  71  7:23  Starport Tech Lab  
  71  7:24  Starport  
  71  7:51  Fusion Core  
  71  7:52  Command Center  
  71  8:02  Terran Ship Weapons Level 1  
  71  8:03  Terran Vehicle And Ship Armor Level 1  
  71  8:15  Starport Tech Lab  
  71  8:23  Starport  
  71  8:39  Supply Depot  
  71  8:40  Battlecruiser x3  
  71  8:41  Battlecruiser  
  94  9:51  Starport, Starport Tech Lab  
  94  9:54  Battlecruiser x3  
  94  9:56  Battlecruiser  
  118  10:01  Terran Ship Weapons Level 2, Terran Vehicle And Ship Armor Level 2  
  118  10:05  Supply Depot  
  118  10:20  Refinery  
  118  10:24  Refinery  
  118  10:36  Supply Depot  
  118  10:40  Starport Tech Lab  
  118  10:41  Battlecruiser  
  124  10:51  Engineering Bay  
  124  11:10  Supply Depot  
  122  12:01  Battlecruiser  
  122  12:02  Battlecruiser  
  122  12:03  Battlecruiser  
  145  12:24  Battlecruiser  
  145  12:37  Battlecruiser  
  145  12:38  Battlecruiser  
  157  13:06  Battlecruiser  
  160  13:36  Refinery  
  160  13:41  Terran Ship Weapons Level 3  
  160  13:42  Refinery, Terran Vehicle And Ship Armor Level 3  
  160  13:48  Battlecruiser  
  160  13:49  Battlecruiser  
  172  14:26  Supply Depot  
  172  15:43  Battlecruiser x2  
  184  16:00  Supply Depot  
  184  16:22  Supply Depot  
  184  16:26  Battlecruiser  
  190  16:59  Orbital Command  
  176  17:27  Battlecruiser  
  176  17:28  Battlecruiser  
  188  18:09  Weapon Refit  
  188  18:42  Battlecruiser  
  188  18:43  Battlecruiser  
  188  18:47  Refinery  
  200  18:51  Refinery  
  200  19:55  Orbital Command  
  200  20:36  Refinery  
  200  20:40  Refinery  
Show
View Real Time Build Order
Export as new Build Order

Amix Terran - Winner!

Build Orders:  

Get SALT Encoding   

  12  0:01  SCV  
  13  0:13  SCV  
  14  0:20  Supply Depot  
  14  0:26  SCV  
  15  0:41  SCV  
  16  0:44  Barracks  
  16  0:53  SCV  
  17  0:57  Barracks  
  17  1:08  SCV  
  18  1:20  SCV  
  19  1:37  Command Center  
  19  1:45  Orbital Command  
  19  1:49  Marine  
  19  1:52  Marine  
  21  2:00  Supply Depot  
  21  2:06  Marine  
  22  2:10  Marine  
  23  2:17  Refinery  
  23  2:21  Refinery  
  23  2:22  SCV  
  24  2:24  Marine  
  24  2:27  Marine  
  26  2:36  Bunker  
  26  2:38  SCV  
  27  2:50  SCV  
  29  2:53  Orbital Command  
  28  3:02  SCV  
  28  3:04  Barracks Reactor  
  29  3:05  Barracks Reactor  
  29  3:26  SCV x2  
  31  3:27  Engineering Bay  
  31  3:38  SCV x2  
  33  3:48  Marine x2  
  33  3:50  Barracks, SCV x2  
  33  3:51  Barracks, Marine  
  33  3:52  Marine  
  33  3:54  Barracks  
  39  3:58  Terran Infantry Weapons Level 1  
  39  4:08  Marine x2  
  41  4:12  SCV x2  
  43  4:24  SCV x2  
  43  4:26  Refinery  
  43  4:29  Refinery  
  45  4:34  Marine  
  45  4:38  Barracks Reactor x2  
  46  4:42  Barracks Tech Lab  
  46  5:15  Factory  
  46  5:39  Supply Depot x2  
  46  5:53  Terran Infantry Armor Level 1  
  46  6:00  Marine x8  
  46  6:01  Marauder, SCV x2  
  58  6:06  Supply Depot  
  58  6:08  Starport x2  
  58  6:10  Starport  
  58  6:11  Starport  
  58  6:13  SCV x2  
  58  6:18  Marine x2  
  62  6:27  Marine x6  
  62  6:28  Marauder  
  70  6:41  Armory  
  70  6:42  Armory  
  70  6:49  Supply Depot  
  70  6:50  Supply Depot  
  70  6:54  Fusion Core, Supply Depot  
  70  6:56  Starport Tech Lab  
  70  6:57  Starport Tech Lab x3  
  70  7:11  Marine, SCV x2, Marauder  
  70  7:14  Supply Depot  
  75  7:16  Supply Depot x2  
  75  7:23  SCV x2  
  75  7:26  Marine x5  
  75  7:27  Marine  
  83  7:33  Marauder  
  83  7:35  SCV x2  
  87  7:42  Terran Ship Weapons Level 1  
  87  7:47  SCV x2  
  89  7:53  Terran Vehicle And Ship Armor Level 1  
  89  7:59  SCV x2  
  89  8:04  Supply Depot  
  89  8:05  Supply Depot  
  91  8:06  Supply Depot x2  
  91  8:20  Command Center  
  94  8:29  Battlecruiser  
  97  8:35  Concussive Shells  
  97  8:46  Weapon Refit  
  88  9:08  Medivac  
  88  9:09  Medivac x2  
  83  9:33  Medivac  
  78  9:39  Battlecruiser x2  
  78  9:43  Orbital Command  
  90  9:49  Battlecruiser  
  96  10:29  Battlecruiser  
  96  10:35  Orbital Command  
  102  10:43  Battlecruiser  
  108  11:07  Refinery  
  108  11:08  SCV x3  
  108  11:10  Refinery  
  111  11:20  SCV x3  
  111  11:21  Battlecruiser  
  120  11:28  Supply Depot  
  120  11:29  Supply Depot  
  120  11:32  SCV  
  119  11:52  Battlecruiser, Supply Depot  
  119  11:53  Supply Depot  
  122  12:12  Battlecruiser  
  128  12:17  Battlecruiser  
  134  12:31  Marauder, Marine x2  
  134  12:32  Marine x3  
  141  12:48  Terran Ship Weapons Level 2, Terran Vehicle And Ship Armor Level 2  
  141  12:52  Marauder  
  143  13:14  Marauder  
  145  13:20  Battlecruiser  
  151  13:35  Marauder  
  119  14:10  Battlecruiser x3  
  137  14:22  Supply Depot x2  
  137  14:39  Battlecruiser  
  131  15:28  Marine x5  
  131  15:29  Marine x4  
  140  15:46  Marine x7  
  140  15:47  Marine x2  
  155  15:57  Battlecruiser x4  
  155  16:04  Marine x9  
  182  16:21  Marine  
  182  16:22  Marine x8  
  175  16:40  Marine  
  182  17:02  Battlecruiser  
  188  17:23  Battlecruiser  
  188  18:21  Battlecruiser x2  
  200  19:11  Command Center  
  188  20:11  Battlecruiser x2  
  200  20:25  Refinery  
  200  20:39  Refinery  
Show
View Real Time Build Order
Export as new Build Order

A.I. 2 (Very Hard) Protoss 

Build Orders: Blink Stalkers, Zealot Archon 

Get SALT Encoding   

  12  0:01  Probe (Chrono Boost)  
  13  0:11  Probe (Chrono Boost)  
  14  0:22  Probe (Chrono Boost), Pylon  
  15  0:40  Probe (Chrono Boost)  
  16  0:47  Assimilator  
  16  0:50  Gateway  
  16  0:51  Probe (Chrono Boost)  
  17  1:00  Pylon  
  17  1:01  Probe (Chrono Boost)  
  18  1:12  Probe (Chrono Boost)  
  19  1:23  Probe (Chrono Boost)  
  20  1:34  Probe (Chrono Boost)  
  20  1:35  Zealot  
  20  1:37  Assimilator  
  23  1:40  Cybernetics Core  
  23  1:45  Probe (Chrono Boost)  
  24  1:56  Probe (Chrono Boost)  
  25  2:07  Probe (Chrono Boost)  
  26  2:09  Warp Gate, Pylon  
  26  2:17  Stalker  
  26  2:19  Probe (Chrono Boost)  
  26  2:22  Twilight Council  
  29  2:33  Gateway  
  29  2:36  Probe (Chrono Boost)  
  30  2:46  Stalker  
  30  2:47  Probe (Chrono Boost)  
  33  2:56  Blink  
  33  3:08  Gateway  
  33  3:15  Stalker  
  35  3:22  Pylon  
  35  3:24  Stalker  
  37  3:30  Probe (Chrono Boost)  
  39  3:42  Probe (Chrono Boost)  
  39  3:43  Stalker  
  41  3:52  Stalker  
  41  3:53  Stalker  
  45  4:03  Pylon  
  45  4:16  Pylon  
  45  4:21  Zealot  
  47  4:30  Adept  
  49  4:31  Stalker  
  51  4:40  Gateway  
  51  4:41  Adept  
  53  4:50  Adept  
  55  4:53  Adept  
  57  5:01  Adept  
  59  5:09  Adept  
  59  5:13  Adept  
  63  5:15  Pylon  
  63  5:33  Adept x3  
  63  5:34  Zealot  
  71  5:46  Pylon  
  71  5:50  Templar Archives  
  71  6:08  Pylon  
  71  6:26  Zealot x2  
  71  6:27  Sentry  
  71  6:28  High Templar  
  71  6:31  Pylon  
  79  6:43  Nexus  
  79  6:45  Zealot  
  79  6:46  High Templar  
  83  6:50  Sentry  
  85  6:58  Pylon  
  85  7:05  Archon  
  85  7:13  High Templar  
  87  7:20  Zealot  
  89  7:26  Zealot  
  89  7:29  Pylon  
  91  7:41  High Templar  
  93  7:44  Zealot  
  95  7:55  Zealot  
  95  7:56  Probe (Chrono Boost)  
  95  7:57  Probe (Chrono Boost)  
  99  8:00  Archon  
  99  8:09  High Templar  
  101  8:17  Assimilator  
  101  8:31  Robotics Facility  
  101  8:33  Assimilator  
  101  8:41  Probe x2 (Chrono Boost)  
  103  8:47  Zealot x3  
  109  8:51  Zealot  
  109  8:53  Pylon  
  111  8:59  Probe (Chrono Boost)  
  111  9:01  Probe (Chrono Boost)  
  113  9:06  Zealot, High Templar  
  113  9:07  Zealot  
  119  9:11  Zealot, Probe (Chrono Boost)  
  119  9:14  Archon  
  122  9:18  Observer  
  93  9:32  Nexus  
  93  9:34  Stalker  
  93  9:38  Sentry  
  65  9:39  High Templar  
  65  9:42  Adept  
  65  9:54  Archon  
  65  9:56  High Templar  
  65  9:59  Stalker  
  69  10:01  Adept  
  71  10:08  Zealot  
  73  10:20  Stalker, High Templar  
  77  10:27  Zealot, Sentry  
  81  10:36  Immortal  
  81  10:40  Archon  
  81  10:41  Zealot  
  87  10:46  Zealot  
  87  10:48  High Templar  
  87  10:49  Probe (Chrono Boost)  
  92  10:51  Zealot  
  92  10:56  Probe (Chrono Boost)  
  95  10:58  Probe (Chrono Boost)  
  95  11:00  Stalker  
  95  11:01  Probe (Chrono Boost)  
  99  11:05  High Templar  
  99  11:07  Probe (Chrono Boost)  
  99  11:09  Assimilator  
  99  11:10  Zealot  
  99  11:11  Archon  
  104  11:13  Probe (Chrono Boost)  
  104  11:17  Probe (Chrono Boost)  
  107  11:19  Probe (Chrono Boost), High Templar  
  107  11:21  Zealot  
  107  11:24  Probe (Chrono Boost)  
  112  11:28  Probe (Chrono Boost)  
  112  11:29  High Templar  
  112  11:31  Probe (Chrono Boost)  
  116  11:36  Zealot, Probe (Chrono Boost)  
  116  11:39  Probe (Chrono Boost)  
  118  11:40  Stalker  
  118  11:43  Probe (Chrono Boost)  
  122  11:47  Probe (Chrono Boost)  
  122  11:49  Zealot, Archon  
  122  11:51  Probe (Chrono Boost)  
  125  11:55  Zealot  
  125  11:58  Probe (Chrono Boost)  
  125  11:59  High Templar  
  125  12:01  High Templar  
  132  12:03  Probe (Chrono Boost)  
  132  12:04  Probe (Chrono Boost), Pylon  
  134  12:09  Zealot  
  134  12:10  Immortal, Probe (Chrono Boost)  
  134  12:13  Zealot  
  134  12:15  Probe (Chrono Boost), Archon  
  144  12:25  Pylon  
  144  12:28  High Templar  
  144  12:29  High Templar  
  148  12:33  Assimilator  
  148  12:41  Archon  
  148  12:42  High Templar  
  150  12:46  Immortal  
  150  12:49  Pylon  
  153  12:56  High Templar  
  155  13:02  Probe x2 (Chrono Boost)  
  150  13:12  Pylon  
  144  13:13  Probe (Chrono Boost)  
  144  13:14  Probe (Chrono Boost)  
  136  13:20  Archon, High Templar  
  136  13:24  Probe (Chrono Boost)  
  136  13:25  Probe (Chrono Boost)  
  140  13:28  High Templar  
  140  13:29  Nexus  
  140  13:32  Stalker  
  144  13:35  Probe (Chrono Boost)  
  144  13:36  Probe (Chrono Boost)  
  146  13:42  Nexus  
  146  13:45  Stalker  
  146  13:47  Probe (Chrono Boost)  
  149  13:50  Archon  
  149  13:52  Assimilator  
  149  13:55  Pylon  
  149  14:01  Stalker  
  141  14:08  Adept  
  131  14:14  Stalker  
  131  14:16  Archon  
  133  14:39  Stargate  
  133  15:12  Nexus  
  133  15:18  Void Ray  
  137  15:56  Void Ray  
  141  16:23  Stalker  
  127  16:33  Void Ray  
  127  16:35  Stalker  
  115  16:57  Stalker  
  114  17:05  Stalker  
  116  17:08  Sentry  
  116  17:13  Zealot  
  110  17:34  Probe (Chrono Boost)  
  110  17:37  Zealot x3  
  110  17:38  Zealot  
  117  17:47  Probe (Chrono Boost)  
  117  17:51  Probe (Chrono Boost)  
  118  17:55  Zealot x2  
  122  18:00  Zealot  
Show
View Real Time Build Order
Export as new Build Order

A.I. 3 (Elite) Zerg 

Build Orders: Pool First 

Get SALT Encoding   

  12  0:01  Drone  
  13  0:12  Overlord  
  13  0:18  Drone  
  14  0:30  Drone x2  
  14  0:34  Drone  
  17  0:49  Spawning Pool  
  16  0:50  Drone  
  17  1:13  Hatchery  
  17  1:14  Drone  
  17  1:17  Extractor  
  16  1:20  Drone  
  16  1:23  Extractor  
  16  1:26  Drone  
  16  1:31  Drone  
  18  1:38  Drone  
  19  1:49  Overlord  
  19  1:59  Queen  
  21  2:05  Zergling x2  
  22  2:12  Drone  
  23  2:29  Queen  
  25  2:36  Drone  
  26  2:40  Drone  
  27  2:44  Drone  
  27  2:48  Drone  
  29  3:01  Roach Warren  
  29  3:03  Drone  
  29  3:06  Drone  
  29  3:10  Zergling x2  
  32  3:12  Zergling x2  
  32  3:18  Overlord  
  32  3:22  Drone  
  32  3:25  Drone  
  36  3:41  Roach  
  36  3:43  Roach  
  36  3:44  Roach x2  
  42  3:48  Lair  
  42  3:53  Overlord  
  42  3:59  Overlord  
  42  4:02  Zergling x2  
  43  4:04  Zergling x2  
  44  4:11  Drone x2, Zergling x2  
  44  4:14  Drone  
  49  4:17  Drone  
  49  4:20  Drone  
  50  4:25  Overlord  
  50  4:28  Roach  
  52  4:32  Roach  
  52  4:35  Roach  
  56  4:38  Roach  
  56  4:42  Overlord  
  58  4:48  Hydralisk Den  
  58  4:49  Drone  
  58  4:51  Drone  
  59  4:53  Drone  
  59  4:56  Roach  
  64  5:00  Roach  
  64  5:06  Drone  
  65  5:08  Drone  
  65  5:12  Overlord  
  66  5:14  Drone  
  66  5:16  Drone  
  66  5:18  Drone, Hydralisk  
  66  5:21  Hydralisk  
  71  5:24  Drone  
  71  5:26  Drone  
  75  5:30  Drone  
  75  5:31  Overlord  
  75  5:33  Drone  
  75  5:35  Drone  
  78  5:37  Drone  
  78  5:42  Drone  
  80  5:43  Infestation Pit  
  80  5:47  Drone  
  80  5:49  Drone  
  81  5:51  Overlord  
  80  6:02  Baneling Nest, Drone  
  80  6:04  Evolution Chamber  
  80  6:06  Drone  
  80  6:10  Hatchery  
  79  6:18  Drone  
  79  6:20  Infestor  
  79  6:23  Infestor, Evolution Chamber  
  79  6:25  Drone  
  84  6:26  Ravager  
  84  6:27  Ravager  
  84  6:29  Roach  
  84  6:30  Zerg Ground Armor Level 1  
  84  6:31  Roach  
  90  6:34  Overlord  
  90  6:36  Hydralisk  
  92  6:41  Hydralisk  
  92  6:46  Baneling  
  94  6:48  Baneling, Zerg Missile Weapons Level 1, Extractor  
  94  6:50  Extractor  
  94  6:51  Baneling  
  92  6:55  Baneling  
  92  7:00  Baneling  
  92  7:04  Baneling, Zergling x2  
  93  7:10  Drone x2  
  93  7:11  Drone, Overlord  
  93  7:12  Spine Crawler  
  93  7:13  Drone x3  
  93  7:14  Drone  
  99  7:17  Baneling, Overseer  
  99  7:18  Baneling, Zergling x2  
  99  7:21  Baneling  
  100  7:23  Drone x2, Baneling  
  100  7:24  Drone x3, Zergling x2  
  100  7:25  Drone x3  
  100  7:28  Drone  
  110  7:31  Extractor  
  110  7:32  Overlord  
  110  7:34  Drone, Baneling  
  110  7:38  Drone  
  110  7:41  Centrifical Hooks  
  110  7:43  Drone  
  112  7:44  Drone  
  112  7:49  Drone  
  112  7:50  Drone x2, Overlord  
  116  7:53  Drone x2  
  116  7:54  Drone  
  116  7:55  Drone  
  116  7:56  Drone  
  121  8:01  Drone  
  122  8:06  Infestor  
  122  8:07  Infestor  
  122  8:11  Overlord  
  126  8:15  Roach  
  126  8:18  Roach  
  130  8:21  Roach  
  130  8:23  Drone, Extractor  
  130  8:24  Pathogen Glands  
  130  8:25  Hatchery  
  130  8:26  Drone  
  132  8:30  Overlord  
  132  8:44  Zerg Missile Weapons Level 2, Zergling x2  
  132  8:45  Drone x2, Zergling x2  
  132  8:46  Zergling x4  
  132  8:47  Baneling, Zergling x2, Spine Crawler  
  127  8:51  Hydralisk  
  127  8:53  Zergling x6  
  127  8:54  Metabolic Boost  
  127  8:55  Evolution Chamber, Zergling x2  
  125  8:57  Drone  
  125  9:01  Hydralisk  
  128  9:05  Baneling x2, Zergling x2  
  128  9:06  Baneling x2, Zerg Melee Weapons Level 1, Zergling x2  
  128  9:07  Baneling x2, Zergling x2  
  128  9:08  Baneling, Zergling x2  
  132  9:10  Baneling  
  132  9:11  Baneling, Zergling x2  
  132  9:13  Baneling  
  132  9:14  Baneling, Zergling x2  
  132  9:16  Baneling  
  134  9:18  Baneling, Zergling x2  
  134  9:19  Baneling  
  134  9:20  Baneling  
  134  9:21  Zergling x2  
  134  9:22  Baneling  
  136  9:24  Baneling, Overlord, Zergling x2  
  136  9:25  Baneling  
  136  9:28  Hydralisk  
  136  9:30  Roach  
  141  9:31  Roach  
  141  9:33  Roach  
  141  9:37  Drone  
  141  9:38  Drone  
  147  9:47  Zerg Ground Armor Level 2  
  147  9:56  Overlord  
  147  10:01  Extractor  
  147  10:02  Drone  
  147  10:03  Spire  
  147  10:04  Drone  
  147  10:05  Spore Crawler  
  147  10:06  Drone  
  147  10:09  Spore Crawler  
  147  10:10  Drone  
  147  10:11  Queen  
  147  10:12  Drone, Spine Crawler  
  149  10:14  Spine Crawler  
  149  10:15  Drone  
  149  10:17  Queen, Extractor  
  149  10:18  Drone  
  149  10:19  Spore Crawler  
  149  10:20  Drone  
  151  10:35  Hydralisk  
  151  10:36  Overlord  
  151  10:38  Hydralisk, Spine Crawler  
  151  10:39  Drone  
  151  10:42  Spine Crawler  
  154  10:43  Drone  
  154  10:48  Ravager  
  154  10:49  Roach  
  158  10:53  Ravager  
  158  10:54  Roach, Overlord  
  158  10:55  Drone, Spore Crawler, Overseer  
  158  10:56  Overseer  
  158  10:57  Pneumatized Carapace  
  161  11:00  Spore Crawler  
  161  11:01  Drone  
  161  11:02  Spore Crawler  
  161  11:03  Zerg Melee Weapons Level 2  
  160  11:04  Drone  
  161  11:15  Corruptor x2  
  161  11:16  Corruptor x2  
  161  11:17  Corruptor x3, Overlord  
  175  11:19  Corruptor  
  175  11:24  Corruptor  
  179  11:28  Hatchery  
  179  11:29  Corruptor  
  179  11:31  Drone  
  178  11:36  Corruptor  
  178  11:38  Corruptor, Zergling x2  
  179  11:45  Infestor  
  181  11:48  Baneling  
  181  11:50  Zergling x2  
  180  11:54  Infestor  
  180  11:57  Baneling x2  
  180  11:58  Zergling x2  
  180  12:00  Corruptor  
  184  12:05  Baneling  
  184  12:06  Corruptor, Zergling x2  
  187  12:10  Corruptor  
  189  12:18  Hive  
  189  12:36  Corruptor  
  191  12:41  Corruptor  
  193  12:45  Corruptor  
  193  12:49  Corruptor  
  197  12:55  Corruptor, Extractor  
  198  13:02  Drone, Spine Crawler  
  198  13:04  Drone  
  198  13:05  Corruptor, Spine Crawler  
  196  13:07  Drone  
  196  13:08  Corruptor, Spine Crawler  
  196  13:12  Drone  
  196  13:13  Baneling, Extractor  
  196  13:14  Drone  
  196  13:15  Baneling, Zergling x2  
  196  13:17  Baneling  
  196  13:18  Baneling  
  196  13:19  Zergling x2  
  197  13:20  Baneling  
  197  13:31  Greater Spire  
  197  13:32  Zerg Melee Weapons Level 3  
  197  13:33  Zerg Missile Weapons Level 3  
  197  13:44  Spore Crawler  
  197  13:46  Drone  
  197  13:47  Spore Crawler  
  196  13:49  Drone  
  196  13:51  Spore Crawler  
  196  13:52  Drone  
  196  13:54  Spine Crawler  
  196  13:55  Drone  
  197  13:56  Baneling x2  
  197  13:57  Zergling x2  
  197  14:00  Zergling x2  
  197  14:01  Zergling x2  
  197  14:02  Zergling x4  
  188  14:03  Corruptor  
  188  14:04  Corruptor, Zergling x2  
  188  14:05  Corruptor x2, Zergling x2  
  188  14:06  Corruptor x2, Zergling x2  
  188  14:07  Corruptor x2  
  185  14:10  Corruptor  
  185  14:14  Baneling x2  
  185  14:15  Baneling, Zergling x2  
  183  14:27  Queen  
  185  14:37  Spine Crawler  
  185  14:38  Drone  
  185  14:44  Zergling x2  
  185  14:45  Zergling x2  
  187  14:47  Hydralisk x2, Viper  
  187  14:48  Viper  
  187  14:50  Tunneling Claws  
  187  14:51  Hydralisk, Spine Crawler  
  198  14:55  Drone  
  198  14:56  Overlord, Overseer  
  198  14:58  Hatchery  
  190  15:03  Drone  
  190  15:04  Drone  
  190  15:05  Drone  
  190  15:06  Drone x2  
  190  15:07  Drone x2  
  186  15:08  Drone x2  
  186  15:09  Zergling x2  
  186  15:10  Zergling x2  
  186  15:13  Corruptor  
  181  15:32  Overlord  
  181  15:34  Drone  
  173  15:36  Drone  
  173  15:38  Hatchery  
  173  15:39  Drone, Baneling  
  173  15:40  Drone  
  173  15:42  Drone  
  161  15:43  Brood Lord  
  161  15:44  Drone, Hatchery  
  161  15:46  Drone  
  161  15:49  Drone  
  165  15:50  Drone  
  165  15:53  Drone  
  165  15:54  Drone  
  165  15:55  Drone x2  
  165  15:56  Drone  
  172  15:57  Drone  
  172  15:59  Drone  
  172  16:01  Spine Crawler  
  172  16:02  Drone  
  173  16:16  Drone  
  173  16:18  Drone  
  173  16:24  Hydralisk  
  168  16:28  Hatchery  
  168  16:31  Hydralisk  
  167  16:37  Hydralisk  
  167  16:41  Drone  
  151  17:04  Drone  
  124  17:10  Zergling x2  
  125  17:18  Hydralisk  
  125  17:21  Drone  
  127  17:23  Drone  
  127  17:26  Drone  
  127  17:28  Drone  
  127  17:29  Drone  
  131  17:31  Drone  
  131  17:33  Drone  
  131  17:35  Drone  
  131  17:36  Drone  
  135  17:38  Drone  
  135  17:40  Drone  
  135  17:43  Drone  
  133  17:48  Drone  
  97  18:14  Zergling x2  
  97  18:16  Drone  
  97  18:18  Drone  
  97  18:19  Drone  
  101  18:21  Drone  
  101  18:23  Drone  
  101  18:25  Drone  
  101  18:27  Drone  
  101  18:28  Drone  
  101  18:30  Drone  
  101  18:31  Drone  
  101  18:32  Hatchery  
  101  18:33  Drone  
  102  18:35  Drone  
  102  18:37  Drone  
  102  18:39  Drone  
  102  18:40  Drone  
  106  18:42  Drone  
  106  18:43  Drone  
  106  18:45  Drone  
  106  18:47  Drone  
  110  18:49  Drone  
  110  18:50  Drone  
  110  18:52  Drone  
  110  18:55  Drone  
  114  18:57  Drone  
  114  18:59  Drone  
  114  19:01  Drone  
  117  19:04  Drone  
  117  19:09  Infestor  
  120  19:14  Infestor  
  122  19:17  Zergling x2  
  123  19:30  Zergling x2  
  123  19:31  Zergling x2  
  125  19:34  Zergling x2  
  125  19:35  Zergling x2  
  125  19:37  Zergling x2  
  127  19:40  Zergling x2  
  127  19:41  Zergling x2  
  129  19:48  Corruptor  
  129  19:51  Hydralisk  
  129  19:52  Hydralisk  
  129  19:55  Corruptor  
  129  19:57  Baneling x3  
  129  19:59  Zergling x2  
  134  20:02  Zergling x2  
  134  20:05  Baneling  
  135  20:11  Baneling  
  135  20:13  Zergling x2  
  136  20:16  Corruptor  
  136  20:21  Corruptor x2  
  138  20:28  Corruptor  
  143  20:30  Baneling, Zergling x2  
  143  20:31  Baneling x2  
  143  20:32  Baneling  
  143  20:33  Zergling x2  
  144  20:38  Baneling  
  40  21:35  Hatchery  
Tags
 
Add a new tag
Caveats
  • Supply blocks, unpowered buildings, or Contaminate may cause inaccurate times.
  • Supply counts are checked every 10 seconds.